 Dungeon Sprint DCSS version 0.31-a0-95-g6fa058ef04 (webtiles) character file.

Game seed: 14280890050894737622

259 sircluck the Blocker (level 6, -8/56 HPs)
             Began as a Formicid Fighter on May 25, 2023.
             Shot with an arrow by a centaur warrior (19 damage)
             ... in the Dungeon (Sprint I: "Red Sonja").
             The game lasted 00:00:55 (305 turns).

sircluck the Blocker (Formicid Fighter)              Turns: 305, Time: 00:00:56

Health: -8/56      AC:  4    Str: 22    XL:     6   Next: 40%
Magic:  6/6        EV:  9    Int:  8    God:
Gold:   216        SH:  6    Dex: 13    Spells: 5/5 levels left

rFire   . . .        a - +0 war axe
rCold   . . .        c - +0 buckler
rNeg    . . .        b - +0 scale mail
rPois   .            (helmet unavailable)
rElec   .            (no cloak)
rCorr   .            (no gloves)
SInv    +            (no boots)
Will    .....        (no amulet) Stlth
                     (no ring)
HPRegen 0.29/turn    (no ring)
MPRegen 0.10/turn

%: no passive effects
@: corroded, very slow
A: permanent stasis, dig shafts and tunnels, antennae 3, four strong arms
a: Dig


You were in the Dungeon.
You visited 1 branch You collected 216 gold pieces.

Inventory:

Hand Weapons
 a - a +0 war axe (weapon)
 j - a +0 giant spiked club
Armour
 b - a +0 scale mail (worn)
 c - a +0 buckler (worn)
 i - a +2 leather armour of cold resistance
Wands
 d - a wand of paralysis (9)
Scrolls
 h - a scroll of blinking
Potions
 e - a potion of curing
 f - a potion of heal wounds
 g - 2 potions of magic


   Skills:
 + Level 8.1 Fighting
 + Level 5.2 Axes
 + Level 7.9 Armour
 + Level 9.1 Shields


You had 5 spell levels left.
You didn't know any spells.
Your spell library was empty.

Dungeon Overview and Level Annotations

Branches:
Dungeon (1/1)

Altars:
Sif Muna
Vehumet
Wu Jian


Innate Abilities, Weirdness & Mutations

You cannot be hasted, slowed, berserked, paralysed or teleported.
You can dig through walls and to a lower floor.
You have a pair of large antennae on your head. (SInv)
Your four strong arms can wield two-handed weapons with a shield.


Message History

There is an open door, spattered with blood here.
You open the door.
You sense a monster nearby.
Found 108 gold pieces.
There is an open door here.
You now have 135 gold pieces (gained 27).
You now have 162 gold pieces (gained 27).
You now have 189 gold pieces (gained 27).
You now have 216 gold pieces (gained 27).
You open the door.
You sense a monster nearby.
Found a scroll labelled LUCUGI VAALAU and a sling.
Found two altars.
A jelly comes into view.
The jelly quivers.
The jelly moves out of view.
There is an open door here.
Found a radiant altar of Vehumet.
You see here a scroll labelled LUCUGI VAALAU.
You block the jelly's attack.
You see here a +0 sling.
You block the jelly's attack.
You open the door. 2 centaur warriors come into view.
The jelly hits you but does no damage.
The centaur warrior moves out of view. x2
There is an open door here.
The jelly attacks as you move away! The jelly hits you. The acid corrodes you!
You are splashed with acid!
You enter the shallow water.
Moving in this stuff is going to be slow.
The centaur warrior shouts!
You hear a shout!
The centaur warrior wields a +0 shortbow.
The centaur warrior shoots an arrow.
The arrow hits you!
Found 7 gold pieces.
The jelly attacks as you move away! The jelly hits you but does no damage.
Found a scroll of blinking.
The centaur warrior wields a +0 orcbow.
The centaur warrior shoots an arrow.
The arrow hits you!!
* * * LOW HITPOINT WARNING * * *
The centaur warrior shoots an arrow.
You block the arrow.
The centaur warrior shoots an arrow.
The arrow hits you!!
You die...

###############
<.#..'..#..'..#
..').#..').#..+
{
..#####'#####'#
#{ ..# #..#
#?####§?# ..#
#### ##)#§§§§§#
..# #_.'J@§c.+
⌠⌠#
{+..._#§§§c§#
.##
#_.#+##+####
..# ##+ ### { {
{ { {


You could see 2 centaur warriors and a jelly.

Vanquished Creatures
  Sigmund (D)
  An ogre (D)
  Ijyb (D)
3 creatures vanquished.

Notes
Turn   | Place    | Note
-------+----------+-------------------------------------------
     0 | D        | sircluck the Formicid Fighter began the quest for the Orb.
     0 | D        | Reached XP level 1. HP: 18/18 MP: 1/1
    25 | D        | Noticed Ijyb
    31 | D        | Killed Ijyb
    32 | D        | Reached skill level 5 in Shields
    32 | D        | Reached XP level 2. HP: 18/26 MP: 2/2
    32 | D        | Reached XP level 3. HP: 21/31 MP: 3/3
    71 | D        | Noticed an ogre
    74 | D        | Killed an ogre
    75 | D        | Reached skill level 7 in Shields
    75 | D        | Reached XP level 4. HP: 8/41 MP: 4/4
    75 | D        | Reached XP level 5. HP: 9/47 MP: 5/5
    84 | D        | Noticed Sigmund
    91 | D        | HP: 2/47 [Sigmund/+0 scythe (4)]
    96 | D        | Killed Sigmund
    97 | D        | Reached skill level 5 in Axes
    97 | D        | Reached skill level 9 in Shields
    97 | D        | Reached XP level 6. HP: 4/56 MP: 6/6
   297 | D        | Found an ornate altar of the Wu Jian Council.
   297 | D        | Found a shimmering blue altar of Sif Muna.
   299 | D        | Found a radiant altar of Vehumet.
   302 | D        | Noticed a centaur warrior
   302 | D        | Noticed a centaur warrior
   305 | D        | Shot with an arrow by a centaur warrior

Illustrated notes

Levels and vault maps discovered:
D:        dungeon_sprint_1 [red_sonja_temple_1, red_sonja_temple_small_1]

Skill      XL: |  1  2  3  4  5 |
---------------+----------------+-----
Fighting       | 4 6 8 |  8.1
Armour         | 4 6 7 |  7.9
Shields        | 5 7 9 |  9.1
Axes           | 3 5 |  5.2

Action                     |  1- 3 |  4- 6 || total
---------------------------+-------+-------++-------
  Melee: War axe           |     7 |    11 ||    18
Ability: Dig               |     2 |       ||     2
    Use: Potion            |     1 |       ||     1
 Armour: Scale mail        |       |     4 ||     4
  Dodge: Dodged            |     1 |     1 ||     2
  Block: Buckler           |     1 |     6 ||     7

Table legend: (Time is in decaauts)
 A = Elapsed time spent in this place.
 B = Non-inter-level travel time spent in this place.
 C = Inter-level travel time spent in this place.
 D = Time resting spent in this place.
 E = Time spent auto-exploring this place.
 F = Levels seen in this place.
 G = Mean time per level.
                   A        B        C        D        E       F      G
               +--------+--------+--------+--------+--------+-----+--------+
         Total |    311 |    311 |      0 |     12 |    198 |   1 |  311.0 |
       Dungeon |    311 |    311 |      0 |     12 |    198 |   1 |  311.0 |
               +--------+--------+--------+--------+--------+-----+--------+

Top non-repeatable levels by time:
       D: 311 daAuts
